 Dungeon Crawl Stone Soup version 0.30-a0-241-g1121274140 (webtiles) character file.

Game seed: 8559436443828638048

88 qw the Chopper (level 4, 0/28 HPs)
             Began as a Gargoyle Fighter on Oct 10, 2022.
             Constricted to death by Ijyb (4 damage)
             ... on level 3 of the Dungeon.
             The game lasted 00:00:40 (1560 turns).

qw the Chopper (Gargoyle Fighter)                   Turns: 1560, Time: 00:00:41

Health: 0/28       AC: 10    Str: 22    XL:     4   Next: 53%
Magic:  4/4        EV:  6    Int:  8    God:
Gold:   47         SH:  4    Dex:  9    Spells: 3/3 levels left

rFire   . . .      SeeInvis +    Y - +0 war axe
rCold   . . .      Faith    .    c - +0 buckler
rNeg    + . .      Spirit   .    b - +0 scale mail
rPois   inf        Reflect  .    (no helmet)
rElec   +          Harm     .    (no cloak)
rCorr   .          Rampage  .    (no gloves)
Will    +....                    (no boots)
Stlth   ..........               (no amulet)
HPRegen 0.24/turn                j - ring of willpower
MPRegen 0.09/turn                (no ring)

@: grasped by roots, constricted
A: sickness immunity, AC +3, negative energy resistance 1, electricity
resistance, torment resistance 1, petrification resistance, see invisible,
MP-powered wands
a: no special abilities


You were on level 3 of the Dungeon.
You visited 1 branch of the dungeon, and saw 3 of its levels.

You collected 107 gold pieces.
You spent 60 gold pieces at shops.


Innate Abilities, Weirdness & Mutations

You are immune to sickness and miasma.
Your stone body is resilient. (AC +3)
You are immune to poison.
You resist negative energy. (rN+)
You are resistant to electric shocks. (rElec)
You are resistant to unholy torment.
You are immune to petrification.
You have supernaturally acute eyesight. (SInv)
You expend magic power (3 MP) to strengthen your wands.


   Skills:
 - Level 3.2 Fighting
 + Level 4.2 Axes
 - Level 3.2 Armour
 - Level 3.2 Shields


You had 3 spell levels left.
You didn't know any spells.
Your spell library was empty.

Inventory:

Hand Weapons
 e - a +0 whip
 Y - a +0 war axe (weapon)
Armour
 b - a +0 scale mail (worn)
 c - a +0 buckler (worn)
Jewellery
 j - a ring of willpower (left hand)
Scrolls
 i - a scroll of identify
Potions
 a - a potion of resistance
 d - 2 potions of might
 f - 2 potions of lignification
 l - a potion of attraction
 n - a potion of curing {unknown}
 o - 2 potions of brilliance {unknown}

Dungeon Overview and Level Annotations

Branches:
Dungeon (3/15)

Altars:

Shops:
D:2 !

Annotations:
D:3 Ijyb


Message History

You closely miss Ijyb.
Ijyb is moderately wounded.
You block Ijyb's attack. The grasping roots constrict you.
You slash Ijyb!
Ijyb is severely wounded.
You block Ijyb's attack. The grasping roots constrict you.
The grasping roots release their grip on you.
You barely miss Ijyb.
Ijyb is severely wounded.
You block Ijyb's attack. Ijyb barely misses you.
You hit Ijyb but do no damage.
Ijyb is severely wounded.
Ijyb completely misses you.
You closely miss Ijyb.
Ijyb is severely wounded.
Ijyb misses you.
You barely miss Ijyb.
Ijyb is severely wounded.
Ijyb hits you but does no damage.
You hit Ijyb.
Ijyb is almost dead.
Ijyb zaps a wand.
The roots erupt in riotous growth!
The grasping roots grab you!
Ijyb is unaffected.
The grasping roots constrict you. Ijyb completely misses you.
The grasping roots constrict you.
You closely miss Ijyb.
Ijyb is almost dead.
Ijyb hits you with a +0 club. The grasping roots constrict you.
You closely miss Ijyb.
Ijyb is almost dead.
Ijyb hits you but does no damage. The grasping roots constrict you.
A giant cockroach comes into view.
The grasping roots release their grip on you.
You barely miss Ijyb.
Ijyb is almost dead.
Ijyb hits you with a +0 club.
Ijyb zaps a wand.
The roots erupt in riotous growth!
The grasping roots grab you!
Ijyb is unaffected.
The grasping roots constrict you.
You die...

####.....########
#####........#
#........#
+........#
#........#
#........#
########.#
#.#######
#.@.....#
##.g....#
#......# #......#
#......# .......#
.B.......
.########


You could see Ijyb and a giant cockroach.

Vanquished Creatures
  A hound (D:3)
  An adder (D:2)
  A worm (D:2)
  2 dart slugs
  7 endoplasms
  2 giant cockroaches (D:1)
  3 hobgoblins (D:1)
  2 jackals (D:1)
  6 kobolds
  A quokka (D:1)
  2 ball pythons
  6 bats
  4 frilled lizards
  3 rats
41 creatures vanquished.

Notes
Turn   | Place    | Note
-------+----------+-------------------------------------------
     0 | D:1      | qw the Gargoyle Fighter began the quest for the Orb.
     0 | D:1      | Reached XP level 1. HP: 14/14 MP: 1/1
     0 | D:1      | 0 ||| qw: Version: 0.2-a-17-g06abaee
     0 | D:1      | 0 ||| qw: Game counter: 2364
     0 | D:1      | 0 ||| qw: Always use a shield: true
     0 | D:1      | 0 ||| qw: God list: Okawaru
     0 | D:1      | 0 ||| qw: Allow faded altars: false
     0 | D:1      | 0 ||| qw: Do Orc after D:15 true
     0 | D:1      | 0 ||| qw: Do second Lair branch before Depths: true
     0 | D:1      | 0 ||| qw: Lair rune preference: random
     0 | D:1      | 0 ||| qw: Plans: Normal, Zot:1-4, God:TSO, Crypt, Tomb,
                  | Pan, Slime:5, Hells, Abyss, Orb
     0 | D:1      | 0 ||| PLANNING D:1-11
    62 | D:1      | Reached skill level 2 in Axes
   134 | D:1      | Reached XP level 2. HP: 19/19 MP: 2/2
   249 | D:1      | 249 ||| Stepping ~*~*~tactically~*~*~ (stealth).
   332 | D:1      | 332 ||| Stepping ~*~*~tactically~*~*~ (stealth).
   384 | D:1      | Reached skill level 3 in Axes
   424 | D:1      | Reached XP level 3. HP: 23/23 MP: 3/3
   787 | D:1      | 787 ||| UPGRADING to ring of willpower.
   788 | D:1      | 788 ||| READING scroll labelled FEORIA SOSIYPN.
   793 | D:1      | 793 ||| READING scroll labelled VACSEN LYAK.
   794 | D:1      | 794 ||| READING 2 scrolls labelled RAH ESHRAPERASUSCHIW.
   795 | D:1      | 795 ||| DRINKING 2 metallic cyan potions.
   795 | D:1      | Gained mutation: You occasionally lose the ability to drink
                  | potions when taking damage. [potion of mutation]
   796 | D:1      | 796 ||| DRINKING potion of mutation.
   796 | D:1      | Lost mutation: You occasionally lose the ability to drink
                  | potions when taking damage. [potion of mutation]
   796 | D:1      | Gained mutation: You have supernaturally acute eyesight.
                  | (SInv) [potion of mutation]
   796 | D:1      | Gained mutation: You expend magic power (3 MP) to
                  | strengthen your wands. [potion of mutation]
   944 | D:2      | Found Ynaon's Distillery.
   953 | D:2      | 953 ||| BUYING 2 potions of lignification (60 gold).
   953 | D:2      | Bought 2 potions of lignification for 60 gold pieces
   953 | D:2      | 953 ||| SHOPLISTING potion of attraction (30 gold, have
                  | 21).
   953 | D:2      | 953 ||| SHOPLISTING potion of curing (30 gold, have 21).
   953 | D:2      | 953 ||| SHOPLISTING potion of heal wounds (50 gold, have
                  | 21).
  1056 | D:2      | Reached XP level 4. HP: 28/28 MP: 4/4
  1267 | D:2      | 1267 ||| READING scroll labelled NAHEUNOVVY.
  1268 | D:2      | 1268 ||| DRINKING 2 yellow potions.
  1269 | D:2      | 1269 ||| DRINKING 2 metallic orange potions.
  1270 | D:2      | 1270 ||| DRINKING 2 fizzy brown potions.
  1375 | D:2      | 1375 ||| READING 3 scrolls of identify.
  1375 | D:2      | 1375 ||| IDENTIFYING fuming purple potion
  1376 | D:2      | 1376 ||| READING 2 scrolls of identify.
  1376 | D:2      | 1376 ||| IDENTIFYING sedimented white potion
  1377 | D:2      | 1377 ||| DROPPING potion of invisibility.
  1378 | D:2      | 1378 ||| DROPPING potion of flight.
  1379 | D:2      | 1379 ||| DROPPING potion of berserk rage.
  1448 | D:3      | Found a faded altar of an unknown god.
  1482 | D:3      | Reached skill level 4 in Axes
  1548 | D:3      | Noticed Ijyb
  1559 | D:3      | HP: 5/28 [constriction (4)]
  1560 | D:3      | Constricted to death by Ijyb

Levels and vault maps discovered:
D:1:      dpeg_arrival_triangle_fractal, layout_basic, minivault_26
D:2:      layout_rooms, serial_shops, nicolae_shop_crystal
D:3:      layout_basic, mainiacjoe_overflow_surrounded_room,
          hellmonk_ecumenical_altar_leap_of_faith, uniq_ijyb

Skill      XL: |  1  2  3  4 |
---------------+-------------+-----
Axes           | 2 3 4 |  4.2
Fighting       | |  3.2
Armour         | |  3.2
Shields        | |  3.2

Action                   |  1- 3 |  4- 6 || total
-------------------------+-------+-------++-------
Melee: War axe           |   102 |    25 ||   127
  Use: Scroll            |     3 |     3 ||     6
       Potion            |     2 |     3 ||     5
Armor: Scale mail        |    29 |    15 ||    44
Dodge: Dodged            |    41 |     8 ||    49
Block: Buckler           |    14 |     6 ||    20

Table legend:
 A = Non-vault XP
 B = Vault XP
 C = Vault XP percentage of total XP
 D = Non-vault monster count
 E = Vault monster count
 F = Vault count percentage of total count
                 A         B        C        D         E       F
            +---------+---------+-------+---------+---------+-------
      Total |     126 |       0 |   0.0 |      41 |       0 |   0.0
            +---------+---------+-------+---------+---------+-------
        D:1 |      51 |       0 |   0.0 |      29 |       0 |   0.0
        D:2 |      31 |       0 |   0.0 |       9 |       0 |   0.0
        D:3 |      44 |       0 |   0.0 |       3 |       0 |   0.0
            +---------+---------+-------+---------+---------+-------
